 Dungeon Crawl Stone Soup version 0.25-a0-79-g1d1f32e58f (webtiles) character file.

Game seed: 15422863231275005673, levelgen mode: deterministic

56 Flugkiller the Conjurer (level 3, 0/23 HPs)
             Began as an Octopode Conjurer on Nov 6, 2019.
             Hit by a goblin thrown by Robin (1 damage)
             ... on level 2 of the Dungeon.
             The game lasted 00:02:16 (1484 turns).

Flugkiller the Conjurer (Octopode Conjurer)         Turns: 1484, Time: 00:02:17

Health: 0/23       AC:  1    Str:  7    XL:     3   Next: 95%
Magic:  1/6        EV: 14    Int: 18    God:
Gold:   4          SH:  0    Dex: 17    Spells: 1/7 levels left

rFire    . . .     SeeInvis .   m - +0 dagger
rCold    . . .     Gourm    .   (no shield)
rNeg     . . .     Faith    .   (helmet restricted)
rPois    .         Spirit   .   (no amulet)
rElec    .         Reflect  .   i - ring of stealth
rCorr    .         Harm     .   e - +5 ring of dexterity
MR       .....                  (no ring)
Stlth    +++++.....             (no ring)
HPRegen  0.07/turn              (no ring)
MPRegen  0.10/turn              (no ring)
                                (no ring)
                                (no ring)

@: no status effects
A: almost no armour, stealthy swim, amphibious, 8 rings, constrict 8, camouflage
1, gelatinous body 1
a: no special abilities


You were on level 2 of the Dungeon.
You were not hungry.

You visited 1 branch of the dungeon, and saw 2 of its levels.

You collected 4 gold pieces.

Inventory:

Hand Weapons
 m - a +0 dagger (weapon)
   (You took it off a goblin on level 2 of the Dungeon)
Jewellery
 e - a +5 ring of dexterity (right tentacle)
   (You found it on level 1 of the Dungeon)
 i - a ring of stealth (left tentacle)
   (You found it on level 1 of the Dungeon)
Scrolls
 a - a scroll of identify {unknown}
 c - 5 scrolls of teleportation
 k - a scroll of remove curse
 l - a scroll of fear {unknown}
Potions
 f - 2 potions of agility {unknown}
 g - 2 potions of flight {unknown}
 h - 3 potions of lignification {unknown}
 j - a potion of degeneration {unknown}
Comestibles
 b - 3 rations
 d - 2 chunks of flesh


   Skills:
 - Level 1.0 Fighting
 - Level 2.0 Dodging
 - Level 4.0 Stealth
 + Level 2.6 Spellcasting
 + Level 4.4 Conjurations


You had one spell level left.
You knew the following spells:

 Your Spells              Type           Power        Failure   Level  Hunger
a - Magic Dart            Conj           ###.         2%          1    #......
b - Searing Ray           Conj           ###...       4%          2    ##.....
c - Dazzling Spray        Conj/Hex       ##....       21%         3    ###....

Your spell library contained the following spells:

 Spells                   Type           Power        Failure   Level  Hunger
 Iskenderun's Mystic Bla  Conj           ###.....     26%         4    #####..
 Force Lance              Conj/Tloc      ##......     56%         4    #####..
 Fulminant Prism          Conj/Hex       ##........   56%         4    #####..


Dungeon Overview and Level Annotations

Branches:
Dungeon (2/15)

Altars:

Annotations:
D:2 Robin


Innate Abilities, Weirdness & Mutations

You cannot wear most types of armour.
You are very stealthy in the water. (Stealth+)
You are amphibious.
You can wear up to eight rings at the same time.
You can use your tentacles to constrict eight enemies at once.
Your skin changes colour to match your surroundings (Stealth+).
Your rubbery body absorbs attacks. (AC +1, EV +1)


Message History

Press: ? - help, Shift-Dir - straight line, f - Robin
Aim: Robin, wielding a +0 club, wearing a +1 animal skin and wearing a +0 helmet The magic dart hits Robin.
Robin is moderately wounded.
You hear a shout! x2
Casting: Magic Dart (safe; 2% risk of failure)
Confirm with . or Enter, or press ? or * to list all spells.
Aiming: Magic Dart (safe; 2% risk of failure)
Press: ? - help, Shift-Dir - straight line, f/p - Robin
Aim: Robin, wielding a +0 club, wearing a +1 animal skin and wearing a +0 helmet (moderately wounded)
The magic dart hits Robin.
Robin is heavily wounded.
Robin roars a battlecry!
The goblin goes into a battle-frenzy!
Found a stone staircase leading down.
The goblin unwields a +0 club.
The goblin wields a +0 hunting sling.
The goblin shoots a stone.
The stone closely misses you.
Robin roars a battlecry!
Casting: Magic Dart (safe; 2% risk of failure)
Confirm with . or Enter, or press ? or * to list all spells.
Aiming: Searing Ray (safe; 4% risk of failure)
Press: ? - help, Shift-Dir - straight line, f/p - Robin
Aim: Robin, wielding a +0 club, wearing a +1 animal skin and wearing a +0 helmet (heavily wounded)
The searing ray hits Robin.
Robin is severely wounded. (Press . to maintain the ray.) Robin throws the goblin at you!
The goblin unwields a +0 hunting sling.
The goblin wields a +0 club.
The goblin hits you with a +0 club.
The searing ray misses Robin.
The goblin no longer looks unusually strong.
The goblin hits you but does no damage.
The searing ray hits Robin.
Robin is almost dead.
Robin barely misses you. The goblin barely misses you.
Without enough magic to sustain it, your searing ray dissipates.
Robin hits you with a +0 club.
Unknown command.
The goblin unwields a +0 club.
The goblin wields a +0 hunting sling.
The goblin shoots a stone.
The stone hits you.
The goblin shoots a stone.
The stone hits you!
* * * LOW HITPOINT WARNING * * *
You see here a stone.
A hobgoblin comes into view.
Robin throws the goblin at you!
* * * LOW HITPOINT WARNING * * *
The goblin unwields a +0 hunting sling.
The goblin wields a +0 club.
The goblin hits you with a +0 club.
* * * LOW HITPOINT WARNING * * *
Robin throws the goblin at you!
You die...

.. +.........######.......#
####.........##.........#.#
........)....##.........# g.
.............##.........# .#
####.#'#...g###.........## #
.....#.##........)g........>
######.##.#g###....#########
#.##(#.(..gg###
#.##.######@##
#.##.........# .
#.############ ## ...


You could see Robin, a hobgoblin and 2 goblins.

Vanquished Creatures
  3 adders (D:2)
  An ooze (D:2)
  A dart slug (D:1)
  A giant cockroach (D:1)
  6 goblins
  3 hobgoblins
  4 kobolds
  2 frilled lizards
  2 rats (D:1)
23 creatures vanquished.

Notes
Turn   | Place    | Note
-------+----------+-------------------------------------------
     0 | D:1      | Flugkiller the Octopode Conjurer began the quest for the
                  | Orb.
     0 | D:1      | Reached XP level 1. HP: 11/11 MP: 3/3
     2 | D:1      | Noticed a vine stalker
     4 | D:1      | Noticed a formicid
     6 | D:1      | Noticed a draconian
     8 | D:1      | Noticed a centaur
     8 | D:1      | Noticed a gargoyle
    10 | D:1      | Noticed a ghoul
    10 | D:1      | Noticed a dwarf
    13 | D:1      | Noticed a troll
    13 | D:1      | Noticed an octopode
    15 | D:1      | Noticed a felid
    17 | D:1      | Noticed a merfolk
    17 | D:1      | Noticed a tengu
    19 | D:1      | Noticed a spriggan
    19 | D:1      | Noticed a naga
    21 | D:1      | Noticed a demigod
    21 | D:1      | Noticed a minotaur
    23 | D:1      | Noticed an elf
    23 | D:1      | Noticed an ogre
    25 | D:1      | Noticed a human
    25 | D:1      | Noticed a halfling
    27 | D:1      | Noticed a vampire
    27 | D:1      | Noticed a demonspawn
   189 | D:1      | Reached XP level 2. HP: 17/17 MP: 1/5
   435 | D:1      | Reached skill level 1 in Fighting
   940 | D:2      | Noticed Robin
  1037 | D:2      | Learned a level 2 spell: Searing Ray
  1075 | D:2      | Reached XP level 3. HP: 23/23 MP: 0/6
  1190 | D:2      | Learned a level 3 spell: Dazzling Spray
  1484 | D:2      | HP: 1/23 [goblin/+0 club[Robin] (3)]
  1484 | D:2      | Hit by a goblin thrown by Robin

Levels and vault maps discovered:
D:1:      kb_arrival_jail, layout_loops_ring
D:2:      layout_basic, chequers_ecumenical_altar_twisty, minmay_tetromino_l2,
          uniq_robin

Skill      XL: |  1  2 |
---------------+-------+-----
Stealth        | 3 4 |  4.0
Fighting       | 1 |  1.0
Dodging        | |  2.0
Spellcasting   | |  2.6
Conjurations   | |  4.4

Action                   || total
-------------------------++-------
Melee: Unarmed           ||     5
       Constrict         ||     2
 Cast: Magic Dart        ||    43
       Searing Ray       ||     5
  Use: Scroll            ||     2
  Eat: Chunk             ||     2
Armor: Skin              ||     1
Dodge: Dodged            ||    14

Table legend:
 A = Non-vault XP
 B = Vault XP
 C = Vault XP percentage of total XP
 D = Non-vault monster count
 E = Vault monster count
 F = Vault count percentage of total count
                 A         B        C        D         E       F
            +---------+---------+-------+---------+---------+-------
      Total |      74 |       6 |   7.5 |      20 |       3 |  13.0
            +---------+---------+-------+---------+---------+-------
        D:1 |      26 |       0 |   0.0 |      14 |       0 |   0.0
        D:2 |      48 |       6 |  11.1 |       6 |       3 |  33.3
            +---------+---------+-------+---------+---------+-------
